Sabres vs Lightning

Created - November 29, 2017 at 23:23

Goals
1 2 3 T
Sabres 0 2 2 4
Lightning 0 2 1 3
Shots
1 2 3 T
Sabres 13 12 17 42
Lightning 7 5 14 26

1st period

No Goal

Penalties :
Justin Schultz (TB.) for Tripping (Minor) at 1:04, Jordan Nolan (TB.) for Roughing (Minor) at 8:29, Pierre-Luc Létourneau (TB.) for Hooking (Minor) at 14:52

2nd period

1. Lightning , Kris Versteeg 3 (Henrik Zetterberg 14, John Carlson 13) at 0:14
2. Sabres , Michael Kostka 2 (Scottie Upshall 5, Ryan O'Reilly 6) at 5:39
3. Sabres , Brandon Sutter 4 (Michael Kostka 3, Jared Cowen 4) at 6:53
4. Lightning , Pierre-Marc Bouchard 6 (Jeff Schultz 6) at 17:49

Penalties :
Robert Nilsson (TB.) for Holding (Minor) at 7:36

3rd period

5. Sabres , Vincent Lecavalier 7 (Rob Scuderi 7, Evander Kane 8) at 3:53 (PP)
6. Lightning , Robert Nilsson 11 (Henrik Zetterberg 15) at 5:54 (PP)
7. Sabres , Jakub Kindl 1 (Matt Martin 3, Jordan Leopold 2) at 17:10

Penalties :
Dwight King (TB.) for Hooking (Minor) at 3:25, Rob Scuderi (Buf) for Holding (Minor) at 5:50, Kris Versteeg (TB.) for Interference (Minor) at 6:07, Jakub Kindl (Buf) for Tripping (Minor) at 10:21

Goalie Stats

Robin Lehner (Buf), 23 saves from 26 shots - (0.885), W, 9-5-1, 60:00 minutes
Jaroslav Halak (TB.), 38 saves from 42 shots - (0.905), L, 11-8-1, 60:00 minutes

Players Stats for Sabres

Player Name              G  A  P  +/- PIM S  H  SB GA TA FO     MP     PP MP  PK MP  
------------------------------------------------------------------------------------
Andrei Loktionov         0  0  0  -2  0   5  0  0  0  0  14/35  20:10   5:45   0:17 
Brad Richardson          0  0  0   1  0   1  0  0  0  0  0/0     8:48   0:12   0:00 
Brandon Sutter           1  0  1   1  0   2  0  2  0  1  4/4    10:01   0:16   1:03 
Darcy Hordichuk          0  0  0   1  0   1  0  0  1  0  0/0     9:00   0:16   0:02 
Evander Kane             0  1  1   0  0   3  0  0  0  0  0/0    17:01   4:22   0:48 
Ilya Kovalchuk           0  0  0  -2  0   4  3  0  0  0  0/0    21:36   5:45   0:09 
Jakub Kindl              1  0  1   1  2   2  0  2  0  0  0/0    14:03   0:00   0:00 
Jared Cowen              0  1  1   1  0   0  2  0  0  0  0/0    21:51   4:14   0:43 
Jordan Leopold           0  1  1   1  0   0  1  1  0  1  0/0    14:07   0:00   0:04 
Kyle Okposo              0  0  0  -2  0   0  1  0  0  0  2/2    20:02   5:49   0:00 
Matt Martin              0  1  1   2  0   2  2  0  0  0  1/2    12:23   0:00   1:04 
Michael Kostka           1  1  2   1  0   7  2  1  0  0  0/0    20:37   4:14   0:43 
Rob Scuderi              0  1  1  -1  2   2  0  0  1  0  0/0    24:01   6:09   1:16 
Ryan O'Reilly            0  1  1   2  0   3  0  2  0  0  1/3    12:02   0:00   0:43 
Scottie Upshall          0  1  1   2  0   4  0  0  0  0  0/0    11:19   0:00   0:00 
Vincent Lecavalier       1  0  1   0  0   3  2  0  2  0  7/16   17:47   4:22   0:00 
Zach Bogosian            0  0  0  -1  0   2  0  1  0  1  0/0    25:20   6:09   1:20 
Zack Kassian             0  0  0   0  0   1  2  0  0  0  0/2    17:47   4:22   0:00 

Players Stats for Lightning

Player Name              G  A  P  +/- PIM S  H  SB GA TA FO     MP     PP MP  PK MP  
------------------------------------------------------------------------------------
Andy Rogers              0  0  0   0  0   0  1  3  0  0  0/0    16:41   0:00   6:18 
Brent Burns              0  0  0   0  0   2  1  0  1  0  0/0    27:19   0:47   4:05 
Daniel Carcillo          0  0  0   0  0   1  0  0  0  0  0/1    14:42   0:09   3:55 
Danny Richmond           0  0  0   0  0   1  2  2  0  0  0/0    15:58   0:00   4:05 
Dwight King              0  0  0  -1  2   0  0  0  0  1  0/0     5:50   0:00   0:00 
Henrik Zetterberg        0  2  2  -1  0   3  1  1  0  0  1/2    21:17   1:04   0:43 
Jeff Schultz             0  1  1  -1  0   0  1  5  0  0  0/0    21:28   0:47   6:18 
John Carlson             0  1  1   0  0   4  1  0  2  2  0/0    23:08   1:16   0:00 
Jordan Nolan             0  0  0  -1  2   1  4  2  0  0  18/29  20:46   0:53   2:02 
Justin Schultz           0  0  0  -1  2   0  1  1  0  0  0/0    15:27   1:16   0:00 
Kris Versteeg            1  0  1  -1  2   8  4  1  0  0  1/1    20:31   1:07   0:00 
Mikael Backlund          0  0  0  -1  0   0  1  0  0  0  0/1     8:51   0:00   2:34 
Pierre-Luc Létourneau    0  0  0   1  2   0  2  1  0  0  0/0    11:53   0:00   0:00 
Pierre-Marc Bouchard     1  0  1   1  0   2  0  0  0  0  4/8    12:54   0:00   1:13 
Reilly Smith             0  0  0   0  0   0  4  0  0  0  0/0    11:17   0:53   0:00 
Robert Nilsson           1  0  1   0  2   3  2  1  0  1  10/20  17:06   1:07   4:34 
Sheldon Keefe            0  0  0  -1  0   0  0  1  0  0  0/0    11:54   0:03   5:45 
Steve Bernier            0  0  0   1  0   1  0  1  0  0  1/2    12:29   0:53   0:00 

3 Stars

1 - Michael Kostka (Buf)
2 - Brandon Sutter (Buf)
3 - Vincent Lecavalier (Buf)

Power Play

Sabres - 1 on 6 Attempt(s) - 16.67%
Lightning - 1 on 2 Attempt(s) - 50.00%

Penalty Kill

Sabres - 1 on 2 Attempt(s) - 50.00% - Score 0 goal in Penalty Kill
Lightning - 5 on 6 Attempt(s) - 83.33% - Score 0 goal in Penalty Kill

Team Stat

Sabres - Hits : 15 - Faceoff Wins : 29 - Blocked Shots : 9 - Penalty Minutes : 4
Lightning - Hits : 25 - Faceoff Wins : 35 - Blocked Shots : 19 - Penalty Minutes : 12

Official

Referees : Kozari Steve and Lee Chris
Linesman : Shane Heyer and Brian Mach

Game Notes

No Game Note

Finance

Level 1 -- Attendance: 4025 (67.08%) -- Ticket Income $462,875
Level 2 -- Attendance: 3292 (65.84%) -- Ticket Income $210,688
Level 3 -- Attendance: 1263 (63.15%) -- Ticket Income $55,572
Level 4 -- Attendance: 2213 (55.33%) -- Ticket Income $88,520
Luxury Box -- Attendance: 596 (59.60%) -- Ticket Income $128,140
Game was played at the Tampa Bay Stadium.
Total Attendance: 11389 (63.27%)
Total Ticket Income: $945,795
Other Income: $141,869
Total Income: $1,087,664

Sabres

5 vs 5 Forward 
   Center                   Left Wing                Right Wing               Time % Phy DF OF 
 1 Andrei Loktionov         Ilya Kovalchuk           Kyle Okposo              36     0   2  3  
 2 Vincent Lecavalier       Evander Kane             Zack Kassian             31     0   2  3  
 3 Ryan O'Reilly            Matt Martin              Scottie Upshall          23     0   2  3  
 4 Brandon Sutter           Darcy Hordichuk          Brad Richardson          10     0   2  3  

5 vs 5 Defense 
   Defense                  Defense                                           Time % Phy DF OF 
 1 Zach Bogosian            Rob Scuderi                                       39     0   2  3  
 2 Michael Kostka           Jared Cowen                                       37     0   3  2  
 3 Jakub Kindl              Jordan Leopold                                    24     1   3  1  
 4 Michael Kostka           Jared Cowen                                       0      0   3  2  

PowerPlay Forward 
   Center                   Left Wing                Right Wing               Time % Phy DF OF 
 1 Andrei Loktionov         Ilya Kovalchuk           Kyle Okposo              60     0   1  4  
 2 Vincent Lecavalier       Evander Kane             Zack Kassian             40     0   1  4  

PowerPlay Defense
   Defense                  Defense                                           Time % Phy DF OF 
 1 Zach Bogosian            Rob Scuderi                                       60     1   1  3  
 2 Michael Kostka           Jared Cowen                                       40     1   1  3  

Penalty Kill 4 Players Forward 
   Center                   Wing                     Time % Phy DF OF 
 1 Brandon Sutter           Matt Martin              60     1   3  1  
 2 Ryan O'Reilly            Ilya Kovalchuk           40     1   3  1  

Penalty Kill 4 Players Defense
   Defense                  Defense                  Time % Phy DF OF 
 1 Zach Bogosian            Rob Scuderi              60     1   4  0  
 2 Michael Kostka           Jared Cowen              40     1   4  0  

Penalty Kill - 3 Players Forward 
   Forward                                           Time % Phy DF OF 
 1 Brandon Sutter                                    60     1   4  0  
 2 Ryan O'Reilly                                     40     1   4  0  

Penalty Kill - 3 Players Defense
   Defense                  Defense                  Time % Phy DF OF 
 1 Zach Bogosian            Rob Scuderi              60     1   4  0  
 2 Michael Kostka           Jared Cowen              40     1   4  0  

4 vs 4 Forward 
   Center                   Wing                     Time % Phy DF OF 
 1 Vincent Lecavalier       Ilya Kovalchuk           60     1   2  2  
 2 Ryan O'Reilly            Kyle Okposo              40     1   2  2  

4 vs 4 Defense
   Defense                  Defense                  Time % Phy DF OF 
 1 Zach Bogosian            Rob Scuderi              60     1   2  2  
 2 Michael Kostka           Jared Cowen              40     1   2  2  

Last Minutes Offensive
   Center                   Left Wing                Right Wing               Defense                  Defense                  
   Vincent Lecavalier       Ilya Kovalchuk           Kyle Okposo              Zach Bogosian            Michael Kostka           

Last Minutes Defensive
   Center                   Left Wing                Right Wing               Defense                  Defense                  
   Vincent Lecavalier       Ilya Kovalchuk           Zack Kassian             Zach Bogosian            Jared Cowen              

Goaltenders
Starting : Robin Lehner             
Backup : Jonas Hiller             

Extra Forwards
Normal : Ilya Kovalchuk, Kyle Okposo, Vincent Lecavalier - PP : Kyle Okposo, Vincent Lecavalier - PK : Matt Martin
Extra Defensemen
Normal : Jakub Kindl, Jordan Leopold, Michael Kostka - PP : Jakub Kindl - PK : Jordan Leopold, Michael Kostka
Penalty Shots
Vincent Lecavalier, Ilya Kovalchuk, Evander Kane, Scottie Upshall, Kyle Okposo

Scratches
Michael Haley (Healthy)

Lightning

5 vs 5 Forward 
   Center                   Left Wing                Right Wing               Time % Phy DF OF 
 1 Jordan Nolan             Henrik Zetterberg        Kris Versteeg            40     1   2  2  
 2 Robert Nilsson           Daniel Carcillo          Reilly Smith             25     1   2  2  
 3 Pierre-Marc Bouchard     Pierre-Luc Létourneau    Steve Bernier            25     1   2  2  
 4 Mikael Backlund          Dwight King              Sheldon Keefe            10     1   2  2  

5 vs 5 Defense 
   Defense                  Defense                                           Time % Phy DF OF 
 1 John Carlson             Brent Burns                                       40     1   2  2  
 2 Jeff Schultz             Justin Schultz                                    30     1   2  2  
 3 Andy Rogers              Danny Richmond                                    20     1   2  2  
 4 John Carlson             Brent Burns                                       10     1   2  2  

PowerPlay Forward 
   Center                   Left Wing                Right Wing               Time % Phy DF OF 
 1 Robert Nilsson           Henrik Zetterberg        Kris Versteeg            60     1   2  2  
 2 Jordan Nolan             Steve Bernier            Reilly Smith             40     1   2  2  

PowerPlay Defense
   Defense                  Defense                                           Time % Phy DF OF 
 1 Justin Schultz           John Carlson                                      60     1   2  2  
 2 Brent Burns              Jeff Schultz                                      40     1   2  2  

Penalty Kill 4 Players Forward 
   Center                   Wing                     Time % Phy DF OF 
 1 Robert Nilsson           Sheldon Keefe            60     1   2  2  
 2 Mikael Backlund          Daniel Carcillo          40     1   2  2  

Penalty Kill 4 Players Defense
   Defense                  Defense                  Time % Phy DF OF 
 1 Jeff Schultz             Andy Rogers              60     1   2  2  
 2 Danny Richmond           Brent Burns              40     1   2  2  

Penalty Kill - 3 Players Forward 
   Forward                                           Time % Phy DF OF 
 1 Henrik Zetterberg                                 60     1   2  2  
 2 Robert Nilsson                                    40     1   2  2  

Penalty Kill - 3 Players Defense
   Defense                  Defense                  Time % Phy DF OF 
 1 Jeff Schultz             Brent Burns              60     1   2  2  
 2 Andy Rogers              Danny Richmond           40     1   2  2  

4 vs 4 Forward 
   Center                   Wing                     Time % Phy DF OF 
 1 Robert Nilsson           Henrik Zetterberg        60     1   2  2  
 2 Jordan Nolan             Reilly Smith             40     1   2  2  

4 vs 4 Defense
   Defense                  Defense                  Time % Phy DF OF 
 1 John Carlson             Brent Burns              60     1   2  2  
 2 Danny Richmond           Justin Schultz           40     1   2  2  

Last Minutes Offensive
   Center                   Left Wing                Right Wing               Defense                  Defense                  
   Robert Nilsson           Henrik Zetterberg        Kris Versteeg            John Carlson             Brent Burns              

Last Minutes Defensive
   Center                   Left Wing                Right Wing               Defense                  Defense                  
   Robert Nilsson           Daniel Carcillo          Sheldon Keefe            Jeff Schultz             Andy Rogers              

Goaltenders
Starting : Jaroslav Halak           
Backup : Adam Munro               

Extra Forwards
Normal : Daniel Carcillo, Reilly Smith, Sheldon Keefe - PP : Daniel Carcillo, Reilly Smith - PK : Sheldon Keefe
Extra Defensemen
Normal : Andy Rogers, Brent Burns, Danny Richmond - PP : Andy Rogers - PK : Justin Schultz, Andy Rogers
Penalty Shots
Henrik Zetterberg, Robert Nilsson, Pierre-Marc Bouchard, Kris Versteeg, Reilly Smith

Scratches
Loui Eriksson (Back Spasms Injury)

% Time on Ice - Sabres

Lines # - Real PCT - Wanted PCT - Time Play
Normal Forward
1 - 32% - 36% - 14:46
2 - 26% - 31% - 12:11
3 - 24% - 23% - 11:19
4 - 17% - 10% - 8:04
Normal Defense
1 - 36% - 39% - 16:37
2 - 34% - 37% - 15:40
3 - 30% - 24% - 14:03
4 - 0% - 0% - 0:00
PP Forward
1 - 58% - 60% - 6:01
2 - 42% - 40% - 4:22
PP Defense
1 - 59% - 60% - 6:09
2 - 41% - 40% - 4:14
PK Forward
1 - 93% - 60% - 1:54
2 - 7% - 40% - 0:09
PK Defense
1 - 65% - 60% - 1:20
2 - 35% - 40% - 0:43
PK3 Forward
1 - 0% - 60%
2 - 0% - 40%
PK3 Defense
1 - 0% - 60%
2 - 0% - 40%
44 Forward
1 - 0% - 60%
2 - 0% - 40%
44 Defense
1 - 0% - 60%
2 - 0% - 40%
Last Minute Offensive  - 0:00
Last Minute Defensive  - 1:14
Total
Forward - 60:00
Defense - 60:00

% Time on Ice - Lightning

Lines # - Real PCT - Wanted PCT - Time Play
Normal Forward
1 - 40% - 40% - 18:24
2 - 23% - 25% - 10:32
3 - 25% - 25% - 11:36
4 - 13% - 10% - 5:51
Normal Defense
1 - 41% - 40% - 19:06
2 - 33% - 30% - 15:26
3 - 21% - 20% - 9:40
4 - 5% - 10% - 2:11
PP Forward
1 - 57% - 60% - 1:10
2 - 43% - 40% - 0:53
PP Defense
1 - 62% - 60% - 1:16
2 - 38% - 40% - 0:47
PK Forward
1 - 75% - 60% - 7:49
2 - 25% - 40% - 2:34
PK Defense
1 - 61% - 60% - 6:18
2 - 39% - 40% - 4:05
PK3 Forward
1 - 0% - 60%
2 - 0% - 40%
PK3 Defense
1 - 0% - 60%
2 - 0% - 40%
44 Forward
1 - 0% - 60%
2 - 0% - 40%
44 Defense
1 - 0% - 60%
2 - 0% - 40%
Last Minute Offensive  - 1:11
Last Minute Defensive  - 0:00
Total
Forward - 60:00
Defense - 60:00

Play by Play

1st period


0:01 of 1st period - Jordan Nolan wins face-off versus Andrei Loktionov in neutral zone.
0:35 of 1st period - Vincent Lecavalier is hit by Brent Burns and loses puck.
0:54 of 1st period - Wrist shot by Ryan O'Reilly.
0:54 of 1st period - Stopped by Jaroslav Halak with a rebound.
0:56 of 1st period - Wrist shot by Ryan O'Reilly.
0:56 of 1st period - Shot Misses the Net.
1:04 of 1st period - Minor Penalty to Justin Schultz for Tripping.
1:05 of 1st period - Andrei Loktionov wins face-off versus Robert Nilsson in Lightning zone.
1:06 of 1st period - Snap shot by Ilya Kovalchuk.
1:06 of 1st period - Stopped by Jaroslav Halak with a rebound.
1:14 of 1st period - Snap shot by Andrei Loktionov.
1:14 of 1st period - Shot Blocked by Andy Rogers.
1:16 of 1st period - Slapshot by Jared Cowen.
1:16 of 1st period - Shot Blocked by Sheldon Keefe.
2:00 of 1st period - Brent Burns is hit by Vincent Lecavalier and loses puck.
3:04 of 1st period - Penalty to Justin Schultz is over, Justin Schultz is back on ice.
3:30 of 1st period - Jordan Leopold is hit by Jordan Nolan.
3:43 of 1st period - Off-side.
3:44 of 1st period - Steve Bernier wins face-off versus Vincent Lecavalier in neutral zone.
4:09 of 1st period - Kris Versteeg is hit by Ilya Kovalchuk and loses puck.
4:16 of 1st period - Wrist shot by Ilya Kovalchuk.
4:16 of 1st period - Shot Blocked by Jordan Nolan.
4:40 of 1st period - Snap shot by Robert Nilsson.
4:40 of 1st period - Shot Misses the Net.
4:42 of 1st period - Backhand shot by Andy Rogers.
4:42 of 1st period - Shot Blocked by Jakub Kindl.
6:08 of 1st period - Snap shot by Scottie Upshall.
6:08 of 1st period - Stopped by Jaroslav Halak with a rebound.
6:57 of 1st period - Snap shot by Evander Kane.
6:57 of 1st period - Shot Blocked by Andy Rogers.
7:12 of 1st period - Off-side.
7:13 of 1st period - Andrei Loktionov wins face-off versus Pierre-Marc Bouchard in neutral zone.
7:32 of 1st period - Wrist shot by Pierre-Marc Bouchard.
7:32 of 1st period - Stopped by Robin Lehner without a rebound.
7:33 of 1st period - Vincent Lecavalier wins face-off versus Jordan Nolan in Sabres zone.
7:37 of 1st period - Off-side.
7:38 of 1st period - Jordan Nolan wins face-off versus Vincent Lecavalier in neutral zone.
7:43 of 1st period - Slapshot by Henrik Zetterberg.
7:43 of 1st period - Shot Misses the Net.
7:45 of 1st period - Slapshot by John Carlson.
7:45 of 1st period - Stopped by Robin Lehner with a rebound.
7:47 of 1st period - Wrist shot by Brent Burns.
7:47 of 1st period - Deflect By Henrik Zetterberg.
7:47 of 1st period - Shot Misses the Net.
7:47 of 1st period - Puck is out of play.
7:48 of 1st period - Jordan Nolan wins face-off versus Andrei Loktionov in Sabres zone.
7:53 of 1st period - Slapshot by John Carlson.
7:53 of 1st period - Stopped by Robin Lehner without a rebound.
7:54 of 1st period - Jordan Nolan wins face-off versus Andrei Loktionov in Sabres zone.
8:03 of 1st period - Snap shot by Andrei Loktionov.
8:03 of 1st period - Stopped by Jaroslav Halak without a rebound.
8:04 of 1st period - Andrei Loktionov wins face-off versus Daniel Carcillo in Lightning zone.
8:11 of 1st period - Jared Cowen is hit by Reilly Smith and loses puck.
8:16 of 1st period - Snap shot by Robert Nilsson.
8:16 of 1st period - Stopped by Robin Lehner without a rebound.
8:17 of 1st period - Vincent Lecavalier wins face-off versus Jordan Nolan in Sabres zone.
8:17 of 1st period - Vincent Lecavalier is hit by Jordan Nolan.
8:27 of 1st period - John Carlson is hit by Michael Kostka and loses puck.
8:29 of 1st period - Minor Penalty to Jordan Nolan for Roughing.
8:30 of 1st period - Kyle Okposo wins face-off versus Robert Nilsson in Lightning zone.
9:09 of 1st period - Snap shot by Vincent Lecavalier.
9:09 of 1st period - Shot Misses the Net.
10:18 of 1st period - Icing by Jared Cowen.
10:19 of 1st period - Kyle Okposo wins face-off versus Pierre-Marc Bouchard in Sabres zone.
10:29 of 1st period - Penalty to Jordan Nolan is over, Jordan Nolan is back on ice.
10:38 of 1st period - Michael Kostka is hit by Jordan Nolan and loses puck.
10:47 of 1st period - Slapshot by Brent Burns.
10:47 of 1st period - Shot Blocked by Michael Kostka.
10:49 of 1st period - Slapshot by Kris Versteeg.
10:49 of 1st period - Stopped by Robin Lehner without a rebound.
10:50 of 1st period - Brandon Sutter wins face-off versus Pierre-Marc Bouchard in Sabres zone.
11:36 of 1st period - Wrist shot by Andrei Loktionov.
11:36 of 1st period - Stopped by Jaroslav Halak without a rebound.
11:37 of 1st period - Jordan Nolan wins face-off versus Andrei Loktionov in Lightning zone.
11:52 of 1st period - Wrist shot by Kris Versteeg.
11:52 of 1st period - Shot Misses the Net.
12:02 of 1st period - John Carlson is hit by Kyle Okposo and loses puck.
12:17 of 1st period - Slapshot by Zach Bogosian.
12:17 of 1st period - Shot Misses the Net.
12:19 of 1st period - Slapshot by Rob Scuderi.
12:19 of 1st period - Stopped by Jaroslav Halak without a rebound.
12:20 of 1st period - Vincent Lecavalier wins face-off versus Robert Nilsson in Lightning zone.
12:25 of 1st period - Snap shot by Zack Kassian.
12:25 of 1st period - Deflect By Vincent Lecavalier.
12:25 of 1st period - Shot Misses the Net.
12:25 of 1st period - Puck is out of play.
12:26 of 1st period - Vincent Lecavalier wins face-off versus Robert Nilsson in Lightning zone.
12:29 of 1st period - Wrist shot by Evander Kane.
12:29 of 1st period - Stopped by Jaroslav Halak without a rebound.
12:30 of 1st period - Robert Nilsson wins face-off versus Vincent Lecavalier in Lightning zone.
12:30 of 1st period - Robert Nilsson is hit by Jared Cowen.
12:56 of 1st period - Snap shot by Daniel Carcillo.
12:56 of 1st period - Shot Misses the Net.
13:06 of 1st period - Snap shot by Robert Nilsson.
13:06 of 1st period - Stopped by Robin Lehner with a rebound.
13:12 of 1st period - Slapshot by Michael Kostka.
13:12 of 1st period - Stopped by Jaroslav Halak with a rebound.
13:14 of 1st period - Slapshot by Michael Kostka.
13:14 of 1st period - Stopped by Jaroslav Halak with a rebound.
13:16 of 1st period - Slapshot by Michael Kostka.
13:16 of 1st period - Stopped by Jaroslav Halak with a rebound.
13:18 of 1st period - Wrist shot by Zack Kassian.
13:18 of 1st period - Shot Blocked by Danny Richmond.
14:02 of 1st period - Backhand shot by Evander Kane.
14:02 of 1st period - Shot Blocked by Danny Richmond.
14:04 of 1st period - Slapshot by Michael Kostka.
14:04 of 1st period - Stopped by Jaroslav Halak without a rebound.
14:05 of 1st period - Andrei Loktionov wins face-off versus Jordan Nolan in Lightning zone.
14:52 of 1st period - Minor Penalty to Pierre-Luc Létourneau for Hooking.
14:53 of 1st period - Andrei Loktionov wins face-off versus Robert Nilsson in Lightning zone.
15:41 of 1st period - Icing by Evander Kane.
15:42 of 1st period - Vincent Lecavalier wins face-off versus Jordan Nolan in Sabres zone.
16:37 of 1st period - Vincent Lecavalier is hit by Robert Nilsson and loses puck.
16:52 of 1st period - Penalty to Pierre-Luc Létourneau is over, Pierre-Luc Létourneau is back on ice.
17:17 of 1st period - Jared Cowen is hit by Kris Versteeg and loses puck.
18:44 of 1st period - Icing by Danny Richmond.
18:45 of 1st period - Vincent Lecavalier wins face-off versus Henrik Zetterberg in Lightning zone.
18:52 of 1st period - Wrist shot by Vincent Lecavalier.
18:52 of 1st period - Stopped by Jaroslav Halak with a rebound.
19:10 of 1st period - Snap shot by Pierre-Marc Bouchard.
19:10 of 1st period - Shot Hit the Post.
19:40 of 1st period - Snap shot by Scottie Upshall.
19:40 of 1st period - Stopped by Jaroslav Halak without a rebound.
19:41 of 1st period - Jordan Nolan wins face-off versus Vincent Lecavalier in Lightning zone.
19:48 of 1st period - Slapshot by Brent Burns.
19:48 of 1st period - Deflect By Henrik Zetterberg.
19:48 of 1st period - Stopped by Robin Lehner with a rebound.
Goals for this period are 0 for Sabres vs 0 for Lightning .
Shots for this period are 13 for Sabres vs 7 for Lightning .

2nd period


0:01 of 2nd period - Jordan Nolan wins face-off versus Andrei Loktionov in neutral zone.
0:04 of 2nd period - Slapshot by Brent Burns.
0:04 of 2nd period - Stopped by Robin Lehner without a rebound.
0:05 of 2nd period - Andrei Loktionov wins face-off versus Jordan Nolan in Sabres zone.
0:14 of 2nd period - Snap shot by Kris Versteeg.
0:14 of 2nd period - Goal by Kris Versteeg - Sabres : 0 - Lightning : 1.
0:15 of 2nd period - Jordan Nolan wins face-off versus Andrei Loktionov in neutral zone.
1:47 of 2nd period - Ilya Kovalchuk is hit by Kris Versteeg and loses puck.
2:08 of 2nd period - Michael Kostka is hit by Reilly Smith and loses puck.
5:02 of 2nd period - Wrist shot by Ilya Kovalchuk.
5:02 of 2nd period - Stopped by Jaroslav Halak without a rebound.
5:03 of 2nd period - Jordan Nolan wins face-off versus Andrei Loktionov in Lightning zone.
5:33 of 2nd period - Slapshot by Scottie Upshall.
5:33 of 2nd period - Stopped by Jaroslav Halak with a rebound.
5:35 of 2nd period - Slapshot by Michael Kostka.
5:35 of 2nd period - Stopped by Jaroslav Halak with a rebound.
5:37 of 2nd period - Slapshot by Michael Kostka.
5:37 of 2nd period - Stopped by Jaroslav Halak with a rebound.
5:39 of 2nd period - Slapshot by Michael Kostka.
5:39 of 2nd period - Goal by Michael Kostka - Sabres : 1 - Lightning : 1.
5:40 of 2nd period - Robert Nilsson wins face-off versus Andrei Loktionov in neutral zone.
6:07 of 2nd period - Jared Cowen is hit by Henrik Zetterberg.
6:39 of 2nd period - Backhand shot by Michael Kostka.
6:39 of 2nd period - Shot Blocked by Justin Schultz.
6:53 of 2nd period - Snap shot by Brandon Sutter.
6:53 of 2nd period - Goal by Brandon Sutter - Sabres : 2 - Lightning : 1.
6:54 of 2nd period - Jordan Nolan wins face-off versus Andrei Loktionov in neutral zone.
7:36 of 2nd period - Minor Penalty to Robert Nilsson for Holding.
7:37 of 2nd period - Jordan Nolan wins face-off versus Andrei Loktionov in Lightning zone.
7:48 of 2nd period - Slapshot by Zach Bogosian.
7:48 of 2nd period - Stopped by Jaroslav Halak without a rebound.
7:49 of 2nd period - Jordan Nolan wins face-off versus Andrei Loktionov in Lightning zone.
9:36 of 2nd period - Penalty to Robert Nilsson is over, Robert Nilsson is back on ice.
9:48 of 2nd period - Backhand shot by Zach Bogosian.
9:48 of 2nd period - Shot Misses the Net.
10:32 of 2nd period - Matt Martin is hit by Robert Nilsson and loses puck.
11:44 of 2nd period - Kyle Okposo is hit by Jordan Nolan and loses puck.
11:55 of 2nd period - Michael Kostka is hit by Pierre-Luc Létourneau and loses puck.
12:40 of 2nd period - Kris Versteeg is hit by Matt Martin and loses puck.
12:53 of 2nd period - John Carlson is hit by Vincent Lecavalier and loses puck.
12:58 of 2nd period - Wrist shot by Evander Kane.
12:58 of 2nd period - Stopped by Jaroslav Halak with a rebound.
13:00 of 2nd period - Slapshot by Zach Bogosian.
13:00 of 2nd period - Deflect By Brent Burns.
13:00 of 2nd period - Stopped by Jaroslav Halak without a rebound.
13:01 of 2nd period - Jordan Nolan wins face-off versus Vincent Lecavalier in Lightning zone.
14:19 of 2nd period - Icing by Rob Scuderi.
14:20 of 2nd period - Brandon Sutter wins face-off versus Jordan Nolan in Sabres zone.
14:31 of 2nd period - Snap shot by Darcy Hordichuk.
14:31 of 2nd period - Stopped by Jaroslav Halak with a rebound.
14:39 of 2nd period - Wrist shot by Brandon Sutter.
14:39 of 2nd period - Stopped by Jaroslav Halak without a rebound.
14:40 of 2nd period - Robert Nilsson wins face-off versus Andrei Loktionov in Lightning zone.
15:05 of 2nd period - John Carlson is hit by Zack Kassian.
15:43 of 2nd period - Backhand shot by Pierre-Marc Bouchard.
15:43 of 2nd period - Shot Blocked by Jordan Leopold.
16:03 of 2nd period - Icing by Brad Richardson.
16:04 of 2nd period - Brandon Sutter wins face-off versus Jordan Nolan in Sabres zone.
16:13 of 2nd period - Snap shot by Brad Richardson.
16:13 of 2nd period - Stopped by Jaroslav Halak with a rebound.
16:23 of 2nd period - Kris Versteeg is hit by Jordan Leopold and loses puck.
16:48 of 2nd period - Snap shot by Darcy Hordichuk.
16:48 of 2nd period - Shot Misses the Net.
17:09 of 2nd period - Snap shot by Kris Versteeg.
17:09 of 2nd period - Shot Blocked by Brandon Sutter.
17:11 of 2nd period - Snap shot by Jordan Nolan.
17:11 of 2nd period - Shot Blocked by Brandon Sutter.
17:39 of 2nd period - Wrist shot by Henrik Zetterberg.
17:39 of 2nd period - Shot Blocked by Jakub Kindl.
17:41 of 2nd period - Wrist shot by Henrik Zetterberg.
17:41 of 2nd period - Stopped by Robin Lehner without a rebound.
17:42 of 2nd period - Pierre-Marc Bouchard wins face-off versus Andrei Loktionov in Sabres zone.
17:49 of 2nd period - Wrist shot by Pierre-Marc Bouchard.
17:49 of 2nd period - Goal by Pierre-Marc Bouchard - Sabres : 2 - Lightning : 2.
17:50 of 2nd period - Andrei Loktionov wins face-off versus Steve Bernier in neutral zone.
18:37 of 2nd period - Ryan O'Reilly is hit by Jeff Schultz and loses puck.
19:12 of 2nd period - Snap shot by Andrei Loktionov.
19:12 of 2nd period - Shot Blocked by Pierre-Luc Létourneau.
19:34 of 2nd period - Wrist shot by Evander Kane.
19:34 of 2nd period - Shot Blocked by Robert Nilsson.
19:50 of 2nd period - Slapshot by John Carlson.
19:50 of 2nd period - Stopped by Robin Lehner with a rebound.
19:57 of 2nd period - Icing by Brad Richardson.
19:58 of 2nd period - Brandon Sutter wins face-off versus Pierre-Marc Bouchard in Sabres zone.
19:58 of 2nd period - Brandon Sutter is hit by Danny Richmond.
Goals for this period are 2 for Sabres vs 2 for Lightning .
Shots for this period are 12 for Sabres vs 5 for Lightning .

3rd period


0:01 of 3rd period - Henrik Zetterberg wins face-off versus Andrei Loktionov in neutral zone.
0:08 of 3rd period - Slapshot by Andrei Loktionov.
0:08 of 3rd period - Shot Misses the Net.
0:10 of 3rd period - Snap shot by Andrei Loktionov.
0:10 of 3rd period - Stopped by Jaroslav Halak without a rebound.
0:11 of 3rd period - Andrei Loktionov wins face-off versus Jordan Nolan in Lightning zone.
0:28 of 3rd period - Henrik Zetterberg is hit by Ilya Kovalchuk and loses puck.
0:49 of 3rd period - Slapshot by John Carlson.
0:49 of 3rd period - Stopped by Robin Lehner without a rebound.
0:50 of 3rd period - Robert Nilsson wins face-off versus Ryan O'Reilly in Sabres zone.
0:51 of 3rd period - Wrist shot by Reilly Smith.
0:51 of 3rd period - Shot Blocked by Ryan O'Reilly.
0:53 of 3rd period - Slapshot by Danny Richmond.
0:53 of 3rd period - Shot Blocked by Ryan O'Reilly.
0:55 of 3rd period - Slapshot by Danny Richmond.
0:55 of 3rd period - Stopped by Robin Lehner without a rebound.
0:56 of 3rd period - Ryan O'Reilly wins face-off versus Robert Nilsson in Sabres zone.
1:53 of 3rd period - Slapshot by Kris Versteeg.
1:53 of 3rd period - Stopped by Robin Lehner without a rebound.
1:54 of 3rd period - Andrei Loktionov wins face-off versus Robert Nilsson in Sabres zone.
1:54 of 3rd period - Andrei Loktionov is hit by Reilly Smith.
3:18 of 3rd period - Sheldon Keefe is hit by Matt Martin and loses puck.
3:25 of 3rd period - Minor Penalty to Dwight King for Hooking.
3:26 of 3rd period - Robert Nilsson wins face-off versus Andrei Loktionov in Lightning zone.
3:31 of 3rd period - Wrist shot by Andrei Loktionov.
3:31 of 3rd period - Stopped by Jaroslav Halak with a rebound.
3:33 of 3rd period - Snap shot by Andrei Loktionov.
3:33 of 3rd period - Shot Misses the Net.
3:41 of 3rd period - Wrist shot by Ilya Kovalchuk.
3:41 of 3rd period - Stopped by Jaroslav Halak without a rebound.
3:42 of 3rd period - Vincent Lecavalier wins face-off versus Robert Nilsson in Lightning zone.
3:45 of 3rd period - Slapshot by Evander Kane.
3:45 of 3rd period - Stopped by Jaroslav Halak with a rebound.
3:47 of 3rd period - Snap shot by Vincent Lecavalier.
3:47 of 3rd period - Shot Blocked by Andy Rogers.
3:49 of 3rd period - Backhand shot by Rob Scuderi.
3:49 of 3rd period - Shot Misses the Net.
3:51 of 3rd period - Slapshot by Rob Scuderi.
3:51 of 3rd period - Stopped by Jaroslav Halak with a rebound.
3:53 of 3rd period - Wrist shot by Vincent Lecavalier.
3:53 of 3rd period - Goal by Vincent Lecavalier - Sabres : 3 - Lightning : 2.
3:54 of 3rd period - Jordan Nolan wins face-off versus Andrei Loktionov in neutral zone.
3:57 of 3rd period - Snap shot by Brent Burns.
3:57 of 3rd period - Stopped by Robin Lehner without a rebound.
3:58 of 3rd period - Kris Versteeg wins face-off versus Andrei Loktionov in Sabres zone.
4:04 of 3rd period - Off-side.
4:05 of 3rd period - Jordan Nolan wins face-off versus Andrei Loktionov in neutral zone.
4:08 of 3rd period - Slapshot by Kris Versteeg.
4:08 of 3rd period - Stopped by Robin Lehner with a rebound.
4:10 of 3rd period - Wrist shot by Henrik Zetterberg.
4:10 of 3rd period - Deflect By Kris Versteeg.
4:10 of 3rd period - Stopped by Robin Lehner with a rebound.
4:12 of 3rd period - Snap shot by Kris Versteeg.
4:12 of 3rd period - Stopped by Robin Lehner without a rebound.
4:13 of 3rd period - Andrei Loktionov wins face-off versus Jordan Nolan in Sabres zone.
4:13 of 3rd period - Andrei Loktionov is hit by Kris Versteeg.
4:24 of 3rd period - Wrist shot by Kris Versteeg.
4:24 of 3rd period - Stopped by Robin Lehner without a rebound.
4:25 of 3rd period - Andrei Loktionov wins face-off versus Jordan Nolan in Sabres zone.
4:33 of 3rd period - Off-side.
4:34 of 3rd period - Jordan Nolan wins face-off versus Andrei Loktionov in neutral zone.
4:41 of 3rd period - Slapshot by Jordan Nolan.
4:41 of 3rd period - Stopped by Robin Lehner without a rebound.
4:42 of 3rd period - Jordan Nolan wins face-off versus Vincent Lecavalier in Sabres zone.
4:51 of 3rd period - Wrist shot by Kris Versteeg.
4:51 of 3rd period - Stopped by Robin Lehner without a rebound.
4:52 of 3rd period - Jordan Nolan wins face-off versus Zack Kassian in Sabres zone.
5:11 of 3rd period - Slapshot by Kris Versteeg.
5:11 of 3rd period - Shot Misses the Net.
5:28 of 3rd period - Off-side.
5:29 of 3rd period - Robert Nilsson wins face-off versus Andrei Loktionov in neutral zone.
5:50 of 3rd period - Minor Penalty to Rob Scuderi for Holding.
5:51 of 3rd period - Robert Nilsson wins face-off versus Matt Martin in Sabres zone.
5:52 of 3rd period - Snap shot by Henrik Zetterberg.
5:52 of 3rd period - Shot Blocked by Zach Bogosian.
5:54 of 3rd period - Wrist shot by Robert Nilsson.
5:54 of 3rd period - Goal by Robert Nilsson - Sabres : 3 - Lightning : 3.
5:55 of 3rd period - Andrei Loktionov wins face-off versus Jordan Nolan in neutral zone.
6:07 of 3rd period - Minor Penalty to Kris Versteeg for Interference.
6:08 of 3rd period - Andrei Loktionov wins face-off versus Robert Nilsson in Lightning zone.
6:18 of 3rd period - Snap shot by Kyle Okposo.
6:18 of 3rd period - Shot Blocked by Jeff Schultz.
6:30 of 3rd period - Robert Nilsson is hit by Ilya Kovalchuk and loses puck.
6:41 of 3rd period - Evander Kane is hit by Andy Rogers and loses puck.
6:46 of 3rd period - Snap shot by Daniel Carcillo.
6:46 of 3rd period - Shot Misses the Net.
8:07 of 3rd period - Penalty to Kris Versteeg is over, Kris Versteeg is back on ice.
8:39 of 3rd period - Jakub Kindl is hit by John Carlson and loses puck.
9:19 of 3rd period - Snap shot by Daniel Carcillo.
9:19 of 3rd period - Stopped by Robin Lehner with a rebound.
9:33 of 3rd period - Darcy Hordichuk is hit by Justin Schultz and loses puck.
9:38 of 3rd period - Snap shot by Henrik Zetterberg.
9:38 of 3rd period - Stopped by Robin Lehner without a rebound.
9:39 of 3rd period - Pierre-Marc Bouchard wins face-off versus Ryan O'Reilly in Sabres zone.
9:44 of 3rd period - Backhand shot by John Carlson.
9:44 of 3rd period - Shot Misses the Net.
10:04 of 3rd period - Henrik Zetterberg is hit by Jared Cowen and loses puck.
10:21 of 3rd period - Minor Penalty to Jakub Kindl for Tripping.
10:22 of 3rd period - Matt Martin wins face-off versus Robert Nilsson in Sabres zone.
10:57 of 3rd period - John Carlson is hit by Michael Kostka.
11:45 of 3rd period - Zach Bogosian is hit by Reilly Smith and loses puck.
12:21 of 3rd period - Penalty to Jakub Kindl is over, Jakub Kindl is back on ice.
12:59 of 3rd period - Darcy Hordichuk is hit by Danny Richmond and loses puck.
14:18 of 3rd period - Brent Burns is hit by Zack Kassian and loses puck.
15:29 of 3rd period - Jared Cowen is hit by Kris Versteeg and loses puck.
15:42 of 3rd period - Slapshot by Michael Kostka.
15:42 of 3rd period - Shot Blocked by Steve Bernier.
15:44 of 3rd period - Snap shot by Ryan O'Reilly.
15:44 of 3rd period - Stopped by Jaroslav Halak with a rebound.
15:54 of 3rd period - Jakub Kindl is hit by Pierre-Luc Létourneau and loses puck.
16:31 of 3rd period - Jakub Kindl is hit by Mikael Backlund and loses puck.
16:38 of 3rd period - Slapshot by Jakub Kindl.
16:38 of 3rd period - Stopped by Jaroslav Halak with a rebound.
16:40 of 3rd period - Snap shot by Jordan Leopold.
16:40 of 3rd period - Shot Blocked by Jeff Schultz.
16:42 of 3rd period - Snap shot by Matt Martin.
16:42 of 3rd period - Stopped by Jaroslav Halak with a rebound.
16:44 of 3rd period - Wrist shot by Scottie Upshall.
16:44 of 3rd period - Shot Blocked by Jordan Nolan.
16:46 of 3rd period - Slapshot by Jordan Leopold.
16:46 of 3rd period - Shot Blocked by Jeff Schultz.
16:48 of 3rd period - Slapshot by Jakub Kindl.
16:48 of 3rd period - Shot Misses the Net.
16:50 of 3rd period - Slapshot by Scottie Upshall.
16:50 of 3rd period - Shot Blocked by Kris Versteeg.
16:52 of 3rd period - Slapshot by Scottie Upshall.
16:52 of 3rd period - Shot Blocked by Henrik Zetterberg.
17:00 of 3rd period - Snap shot by Scottie Upshall.
17:00 of 3rd period - Stopped by Jaroslav Halak with a rebound.
17:02 of 3rd period - Slapshot by Jakub Kindl.
17:02 of 3rd period - Deflect By Ryan O'Reilly.
17:02 of 3rd period - Stopped by Jaroslav Halak with a rebound.
17:04 of 3rd period - Slapshot by Jakub Kindl.
17:04 of 3rd period - Shot Blocked by Jeff Schultz.
17:06 of 3rd period - Slapshot by Jordan Leopold.
17:06 of 3rd period - Shot Blocked by Jeff Schultz.
17:08 of 3rd period - Slapshot by Jakub Kindl.
17:08 of 3rd period - Deflect By Matt Martin.
17:08 of 3rd period - Stopped by Jaroslav Halak with a rebound.
17:10 of 3rd period - Slapshot by Jakub Kindl.
17:10 of 3rd period - Goal by Jakub Kindl - Sabres : 4 - Lightning : 3.
17:11 of 3rd period - Pierre-Marc Bouchard wins face-off versus Andrei Loktionov in neutral zone.
17:25 of 3rd period - Snap shot by Andrei Loktionov.
17:25 of 3rd period - Stopped by Jaroslav Halak without a rebound.
17:26 of 3rd period - Andrei Loktionov wins face-off versus Mikael Backlund in Lightning zone.
18:07 of 3rd period - Wrist shot by Steve Bernier.
18:07 of 3rd period - Deflect By Rob Scuderi.
18:07 of 3rd period - Stopped by Robin Lehner without a rebound.
18:08 of 3rd period - Pierre-Marc Bouchard wins face-off versus Zack Kassian in Sabres zone.
18:55 of 3rd period - Off-side.
18:56 of 3rd period - Mike Babcock call a timeout for Lightning .
18:56 of 3rd period - Robert Nilsson wins face-off versus Vincent Lecavalier in neutral zone.
19:23 of 3rd period - Snap shot by Ilya Kovalchuk.
19:23 of 3rd period - Deflect By Zack Kassian.
19:23 of 3rd period - Stopped by Jaroslav Halak with a rebound.
19:25 of 3rd period - Snap shot by Ilya Kovalchuk.
19:25 of 3rd period - Shot Misses the Net.
19:27 of 3rd period - Wrist shot by Ilya Kovalchuk.
19:27 of 3rd period - Deflect By John Carlson.
19:27 of 3rd period - Stopped by Jaroslav Halak with a rebound.
19:29 of 3rd period - Wrist shot by Zach Bogosian.
19:29 of 3rd period - Deflect By Ilya Kovalchuk.
19:29 of 3rd period - Shot Misses the Net.
19:29 of 3rd period - Puck is out of play.
19:30 of 3rd period - Robert Nilsson wins face-off versus Vincent Lecavalier in Lightning zone.
19:41 of 3rd period - Snap shot by Vincent Lecavalier.
19:41 of 3rd period - Stopped by Jaroslav Halak without a rebound.
19:42 of 3rd period - Robert Nilsson wins face-off versus Vincent Lecavalier in Lightning zone.
Goals for this period are 2 for Sabres vs 1 for Lightning .
Shots for this period are 17 for Sabres vs 14 for Lightning .